 Dungeon Crawl Stone Soup version 0.30.1-9-gdf580d7c3d (webtiles) character file.

Game seed: 9075812908300012027

96 jagang the Slasher (level 4, -1/37 HPs)
             Began as a Barachi Monk on Oct 25, 2023.
             Slain by Menkaure (8 damage)
             ... on level 4 of the Dungeon.
             The game lasted 00:03:55 (2197 turns).

jagang the Slasher (Barachi Monk)                   Turns: 2197, Time: 00:03:56

Health: -1/37      AC: 11    Str: 13    XL:     4   Next: 67%
Magic:  4/4        EV:  4    Int: 16    God:
Gold:   135        SH:  0    Dex: 16    Spells: 3/3 levels left

rFire   + . .        a - +0 falchion
rCold   x . .        d - orb {light}
rNeg    . . .        r - +0 plate armour
rPois   .            (no helmet)
rElec   .            (no cloak)
rCorr   .            (no gloves)
SInv    .            (no boots)
Will    .....        (no amulet) Stlth
                     i - ring of fire
HPRegen 0.26/turn    o - +6 ring of intelligence
MPRegen 0.09/turn

%: no passive effects
@: glowing, slow
A: amphibious, slowness 1, strong legs 1, +LOS
a: Hop


You were on level 4 of the Dungeon.
You visited 1 branch of the dungeon, and saw 4 of its levels.

You collected 135 gold pieces.

Inventory:

Hand Weapons
 a - a +0 falchion (weapon)
Armour
 d - an orb of light (worn)
 r - a +0 plate armour (worn)
Jewellery
 i - a ring of fire (left hand)
 o - a +6 ring of intelligence (right hand)
Wands
 t - a wand of mindburst (3)
Scrolls
 b - a scroll of immolation {unknown}
 e - a scroll of fear
 j - a scroll of poison {unknown}
 l - a scroll of teleportation {unknown}
 m - a scroll of acquirement {unknown}
 p - a scroll of vulnerability
 u - a scroll of fog {unknown}
Potions
 c - a potion of ambrosia
 f - 3 potions of flight {unknown}
 g - a potion of mutation {unknown}
 h - a potion of brilliance {unknown}
 n - a potion of heal wounds {unknown}
 q - a potion of invisibility {unknown}
 s - a potion of lignification {unknown}


   Skills:
 + Level 4.3 Fighting
 + Level 4.3 Long Blades
 * Level 3.0 Armour
 + Level 3.9 Dodging


You had 3 spell levels left.
You didn't know any spells.
Your spell library contained the following spells:

 Spells                   Type           Power      Damage    Failure   Level
 Apportation              Tloc           0%         N/A       100%        1
 Necrotise                Necr           0%         1d4       100%        1
 Slow                     Hex            0%         N/A       100%        1
 Summon Small Mammal      Summ           0%         N/A       100%        1
 Call Canine Familiar     Summ           0%         N/A       100%        3
 Confusing Touch          Hex            0%         N/A       100%        3
 Portal Projectile        Hex/Tloc       0%         N/A       100%        3
 Stone Arrow              Conj/Erth      0%         3d7       100%        3
 Vampiric Draining        Necr           0%         2d6       100%        3
 Animate Armour           Summ/Erth      0%         N/A       100%        4
 Leda's Liquefaction      Hex/Erth       0%         N/A       100%        4
 Petrify                  Tmut/Erth      0%         N/A       100%        4
 Metabolic Englaciation   Hex/Ice        0%         N/A       100%        5
 Statue Form              Tmut/Erth      0%         N/A       100%        6
 Lehudib's Crystal Spear  Conj/Erth      0%         10d2      100%        8


Dungeon Overview and Level Annotations

Branches:
Dungeon (4/15)
 Temple: D:4-7

Altars:
Ashenzari
Dithmenos
Hepliaklqana

Annotations:
D:4 Menkaure


Innate Abilities, Weirdness & Mutations

You are amphibious.
You cover ground slowly.
You can hop short distances.
You have an extended range of vision and can be seen from far away.


Message History

You enter the shallow water.
There is a large open door here.
There is an open door here.
You enter the shallow water.
You enter the shallow water.
The ancestor shouts!
Found a hazy altar of Hepliaklqana.
Found a shadowy altar of Dithmenos.
There is an open door here.
There is a large open door here.
You enter the shallow water.
You enter the shallow water.
Done exploring.
Done exploring.
You enter the shallow water.
There is a large open door here.
There is an open door here.
There is a stone staircase leading down here.
Search for what [Enter for "D:3", or ? for help]?
D:3
As you read the scroll labelled IHELUMM TONYWK, it crumbles to dust.
It is a scroll of identify.
p - a scroll of vulnerability
As you read the scroll of identify, it crumbles to dust.
e - a scroll of fear You climb downwards.
There is a stone staircase leading up here.
Menkaure, Prince of Dust comes into view.
You hit Menkaure but do no damage. Menkaure barely misses you.
You hit Menkaure.
Menkaure is moderately damaged.
Menkaure hits you!
There is a stone staircase leading up here.
You hit Menkaure.
Menkaure is heavily damaged.
Menkaure hits you!
* * * LOW HITPOINT WARNING * * *
You hit Menkaure.
Menkaure is severely damaged.
Menkaure hits you!
You die...

##.
#..##
....
...#
... #
.. #.
.#
#.###.#
#...@#
###M##
##.#
..# #.#
.# .# #


You could see Menkaure.

Vanquished Creatures
  Jessica (D:2)
  A worm (D:3)
  2 orcs (D:3)
  7 endoplasms
  A giant cockroach (D:2)
  7 goblins
  7 hobgoblins
  3 jackals (D:2)
  5 kobolds
  5 quokkas
  2 ball pythons
  9 bats
  3 frilled lizards
  7 rats
60 creatures vanquished.

Notes
Turn   | Place    | Note
-------+----------+-------------------------------------------
     0 | D:1      | jagang the Barachi Monk began the quest for the Orb.
     0 | D:1      | Reached XP level 1. HP: 18/18 MP: 1/1
    75 | D:1      | Reached skill level 1 in Armour
   141 | D:1      | Reached XP level 2. HP: 25/25 MP: 2/2
   357 | D:1      | Reached XP level 3. HP: 30/30 MP: 3/3
  1092 | D:2      | Noticed Jessica
  1095 | D:2      | Killed Jessica
  1096 | D:2      | Reached XP level 4. HP: 37/37 MP: 4/4
  1516 | D:3      | Identified the +1 leather armour of Nemelex Xobeh {*Corrode
                  | rElec Int+3}
  1625 | D:3      | Found a broken altar of Ashenzari.
  1993 | D:3      | Found a hazy altar of Hepliaklqana.
  1994 | D:3      | Found a shadowy altar of Dithmenos.
  1994 | D:3      | Noticed a shadow
  2192 | D:4      | Noticed Menkaure
  2197 | D:4      | Slain by Menkaure

Illustrated notes

Levels and vault maps discovered:
D:1:      dpeg_arrival_lava_temple_mockup, layout_loops_ring, minmay_hexomino_p4
D:2:      layout_loops_cross, uniq_jessica
D:3:      wad_lake_hut, layout_basic, riverfiend_overflow_shadow_ancestor,
          ashenzari_conservatory_becter
D:4:      layout_loops_cross, zin_statuary, nicolae_overflow_two_pavilions,
          minmay_temple_entry_wispy, serial_park_tiny_pond, uniq_menkaure

Skill      XL: |  1  2  3  4 |
---------------+-------------+-----
Armour         | 1 2 3 |  3.0
Long Blades    | 4 |  4.3
Fighting       | 4 |  4.3
Dodging        | |  3.9

Action                     |  1- 3 |  4- 6 || total
---------------------------+-------+-------++-------
  Melee: Falchion          |    94 |    44 ||   138
    Use: Scroll            |       |     2 ||     2
 Armour: Ring mail         |    24 |     8 ||    32
         Plate armour      |       |    10 ||    10
  Dodge: Dodged            |    66 |    22 ||    88
